Map: Abyssal Reef LE

Players

eXile - Winner!

  • Race: Zerg Zerg
  • League: Platinum
  • Spawn Location: 11:00

colas

  • Race: Terran Terran
  • League: Platinum
  • Spawn Location: 5:00

VOD

Have the link to the VOD?

Description

Time

  • Played on: May 28, 2017, 5:06 p.m.
  • Length: 17:30
Show
View Real Time Build Order
Export as new Build Order

eXile Zerg - Winner!

Build Orders: Hatch First, Muta Ling Bane 

Get SALT Encoding   

  12  0:01  Drone  
  13  0:15  Overlord  
  13  0:20  Drone  
  14  0:35  Drone x2  
  16  0:39  Drone  
  17  0:56  Hatchery  
  16  0:57  Drone  
  16  1:01  Extractor  
  16  1:02  Drone  
  17  1:17  Spawning Pool  
  16  1:23  Drone  
  18  1:25  Drone  
  18  1:34  Drone  
  19  1:42  Overlord  
  19  1:58  Drone  
  20  2:04  Metabolic Boost  
  20  2:05  Queen  
  22  2:09  Queen  
  24  2:16  Zergling x4  
  24  2:21  Drone  
  27  2:23  Drone  
  27  2:29  Zergling x2  
  29  2:32  Zergling x2  
  30  2:41  Drone x2  
  32  2:48  Drone  
  33  2:54  Baneling Nest  
  33  2:55  Drone  
  33  3:06  Drone x2  
  34  3:19  Drone x2  
  36  3:25  Pneumatized Carapace  
  35  3:29  Drone  
  35  3:33  Overlord x2  
  36  3:42  Hatchery  
  36  3:45  Drone  
  36  3:47  Overlord  
  36  3:51  Queen  
  36  4:04  Zergling x6  
  39  4:36  Lair  
  39  4:37  Lair  
  39  4:38  Extractor  
  38  4:42  Extractor, Drone x2  
  38  4:43  Extractor, Drone x10  
  48  4:55  Zergling x6  
  48  4:56  Queen  
  52  5:14  Zergling x8  
  52  5:15  Zergling x8  
  60  5:29  Spore Crawler  
  60  5:31  Overlord  
  60  5:33  Spore Crawler, Zergling x2  
  59  5:43  Spire  
  59  5:44  Drone x5  
  59  5:45  Drone x3  
  59  5:47  Overlord  
  66  6:17  Drone x2  
  66  6:18  Drone x6  
  72  6:19  Overlord  
  72  6:20  Overlord x2  
  74  6:29  Baneling x3  
  74  6:30  Centrifical Hooks, Baneling x3  
  74  6:35  Evolution Chamber  
  74  6:37  Evolution Chamber  
  74  6:39  Drone  
  73  6:40  Drone x6  
  73  6:44  Extractor x2  
  77  6:47  Spore Crawler  
  77  6:50  Zergling x12  
  77  6:52  Overseer  
  82  7:12  Drone x2  
  82  7:15  Drone x2  
  86  7:20  Drone x5  
  86  7:21  Drone x6  
  97  7:32  Zerg Melee Weapons Level 1, Zerg Ground Armor Level 1  
  97  7:49  Zergling x2  
  97  7:50  Overlord  
  97  7:51  Overlord x2  
  98  8:00  Spore Crawler  
  98  8:01  Spine Crawler  
  98  8:04  Spore Crawler  
  98  8:05  Overlord x4  
  95  8:21  Mutalisk x7  
  95  8:22  Mutalisk x6  
  121  8:28  Hatchery  
  121  8:30  Zergling x10  
  125  8:38  Infestation Pit  
  124  8:52  Drone x5  
  124  8:53  Drone x5  
  134  9:01  Overlord x3  
  134  9:02  Overlord  
  134  9:11  Zerg Flyer Weapons Level 1  
  134  9:14  Spire  
  130  9:21  Zergling x14  
  130  9:22  Zergling x4  
  107  9:36  Zergling x16  
  105  9:45  Baneling x2  
  105  9:46  Baneling x8  
  105  9:47  Baneling x6  
  84  10:22  Zergling x2  
  84  10:23  Zergling x26  
  84  10:27  Zergling x2  
  89  10:42  Hive  
  85  11:08  Evolution Chamber  
  85  11:09  Evolution Chamber  
  75  11:13  Zergling x16  
  75  11:14  Zergling x8  
  75  11:16  Queen  
  89  11:27  Baneling x6  
  89  11:28  Baneling  
  89  11:36  Zergling x2  
  89  11:37  Zergling x14  
  89  11:39  Hatchery  
  96  11:56  Zerg Ground Armor Level 2, Zerg Melee Weapons Level 2  
  96  12:04  Greater Spire  
  96  12:16  Zergling x4  
  96  12:17  Zergling x14  
  96  12:18  Zergling x6  
  96  12:21  Overlord x3  
  108  12:27  Hatchery  
  107  12:40  Corruptor  
  107  12:41  Corruptor x5  
  110  13:08  Baneling x3  
  110  13:09  Baneling x5  
  110  13:10  Corruptor, Baneling x5  
  110  13:11  Corruptor x4, Baneling  
  109  13:13  Zergling x12  
  109  13:14  Zergling x6  
  118  13:25  Drone x2  
  118  13:26  Drone x5  
  125  13:29  Pathogen Glands  
  125  13:39  Zergling x2  
  125  13:40  Zergling x12  
  132  13:46  Extractor x2  
  130  13:52  Overseer  
  130  13:53  Overseer  
  130  13:54  Overlord x2  
  130  14:01  Extractor  
  129  14:03  Extractor, Baneling x6  
  129  14:04  Baneling x2  
  129  14:08  Brood Lord  
  129  14:09  Brood Lord x4  
  138  14:11  Brood Lord  
  138  14:15  Brood Lord  
  142  14:17  Corruptor  
  142  14:18  Corruptor x2  
  148  14:28  Zerg Melee Weapons Level 3  
  148  14:32  Adrenal Glands  
  148  14:38  Queen  
  150  15:02  Zerg Flyer Weapons Level 2  
  150  15:14  Zergling x4  
  150  15:15  Zergling x10  
  150  15:16  Zergling x38  
  157  15:33  Zergling x2  
  157  15:34  Zergling x22  
  169  16:08  Baneling x3  
  169  16:09  Baneling x7  
  169  16:10  Baneling  
  169  16:11  Zergling x10  
  171  16:12  Zergling x14  
  171  16:13  Zergling x14  
  171  16:14  Zergling x2  
  189  16:27  Drone x5  
  131  17:12  Zergling x22  
  131  17:13  Zergling x2  
Show
View Real Time Build Order
Export as new Build Order

colas Terran 

Build Orders: Liberator Opening, Bio Tank 

Get SALT Encoding   

  12  0:00  SCV  
  13  0:12  SCV  
  14  0:18  Supply Depot  
  14  0:25  SCV  
  15  0:29  Refinery  
  15  0:40  SCV  
  16  0:45  Barracks  
  16  0:52  SCV  
  18  1:04  SCV  
  18  1:16  SCV  
  19  1:33  Orbital Command  
  19  1:34  Barracks Reactor  
  19  1:46  Command Center  
  19  1:56  Factory  
  19  2:01  SCV  
  20  2:14  Supply Depot  
  20  2:15  SCV, Refinery  
  21  2:18  Marine  
  21  2:20  Marine  
  23  2:36  SCV  
  24  2:47  Factory Tech Lab  
  24  2:48  SCV  
  25  2:52  Starport  
  25  2:59  Marine x2  
  25  3:00  SCV  
  25  3:02  Orbital Command  
  27  3:20  SCV  
  27  3:22  Siege Tank  
  27  3:24  Liberator  
  27  3:25  Marine x2  
  33  3:30  SCV  
  33  3:32  SCV  
  35  3:42  SCV  
  35  3:46  Supply Depot  
  39  3:53  Marine x2  
  39  3:55  SCV x2  
  43  4:07  SCV x2  
  43  4:09  Siege Tank  
  48  4:10  Supply Depot  
  48  4:15  Supply Depot  
  48  4:19  Marine x2, SCV x2  
  52  4:32  SCV x2  
  54  4:42  Barracks  
  54  4:43  Barracks, Refinery  
  54  4:45  Refinery  
  54  4:46  Engineering Bay  
  54  4:47  SCV x2  
  56  4:57  Supply Depot  
  56  5:02  Marine x2  
  56  5:04  Siege Tank  
  56  5:05  SCV x2  
  63  5:17  SCV x2  
  65  5:26  Marine x2  
  67  5:29  SCV x2  
  67  5:33  Barracks Tech Lab, Barracks Reactor  
  69  5:36  Terran Infantry Weapons Level 1  
  69  5:41  SCV x2  
  71  5:43  Starport Reactor  
  71  5:51  Marine x2, Siege Tank  
  71  5:55  Stimpack  
  76  6:07  Marine  
  76  6:09  Marine  
  78  6:16  Marine x3  
  81  6:18  Supply Depot  
  81  6:22  SCV  
  81  6:23  Supply Depot, SCV  
  81  6:24  Marine  
  84  6:28  Medivac x2  
  88  6:34  Marine x3  
  88  6:35  Marine  
  92  6:42  Marine  
  92  6:44  Supply Depot  
  92  6:45  Supply Depot  
  96  6:47  Siege Tank  
  96  6:59  Marine x2  
  96  7:00  Marine x3  
  98  7:17  Marine x2  
  98  7:19  Marine x3  
  103  7:29  Barracks x2  
  103  7:30  Terran Infantry Armor Level 1  
  103  7:33  Medivac x2  
  103  7:35  Marine x2  
  103  7:36  Siege Tank  
  112  7:38  Marine x3  
  115  7:48  Supply Depot  
  115  7:53  Marine  
  115  7:56  Supply Depot, Combat Shields  
  115  7:57  Supply Depot  
  69  8:05  Medivac x2  
  116  8:08  Siege Tank  
  116  8:11  Marine x5  
  128  8:18  Supply Depot  
  128  8:19  Supply Depot x2  
  128  8:20  Barracks Reactor x2  
  128  8:28  Marine  
  128  8:29  Marine x2  
  128  8:32  Liberator  
  128  8:33  Liberator  
  131  8:43  Marine, Command Center  
  131  8:44  Marine  
  131  8:46  Marine x2  
  131  8:47  Marine  
  131  8:48  Siege Tank  
  145  8:57  Marine x4  
  145  9:01  Marine  
  145  9:02  Marine  
  151  9:04  Marine x3  
  151  9:05  Supply Depot x2  
  154  9:15  Marine x2  
  84  10:39  Marine x4  
  84  10:40  Marine x5  
  90  10:44  Medivac x2  
  94  10:57  Marine x5  
  94  10:58  Marine x4  
  75  11:14  Siege Tank  
  75  11:15  Marine x6  
  75  11:16  Marine x3  
  75  11:18  Orbital Command  
  87  11:22  SCV x2  
  89  11:26  Refinery  
  89  11:32  Marine  
  89  11:33  Marine x6  
  89  11:34  SCV x2  
  98  11:43  Liberator x2  
  98  11:44  Command Center  
  98  11:50  Armory  
  98  11:51  Engineering Bay  
  98  11:53  Marine  
  98  11:54  Marine x7  
  100  11:55  Marine  
  100  11:57  Widow Mine  
  115  12:11  Marine x3, Refinery  
  115  12:12  Marine x6  
  124  12:20  Sensor Tower  
  124  12:29  Missile Turret, Marine x4  
  127  12:30  Marine x3  
  127  12:35  Missile Turret  
  131  12:39  Missile Turret  
  131  12:41  Missile Turret  
  131  12:42  Missile Turret  
  131  12:46  Missile Turret  
  129  13:12  Marine x2  
  130  13:13  Marine x7  
  138  13:25  Orbital Command  
  138  13:30  Marine  
  139  13:43  Terran Infantry Weapons Level 2  
  139  13:44  Terran Infantry Armor Level 2  
  139  14:05  Liberator x2, Refinery  
  139  14:06  Missile Turret x2  
  139  14:11  Refinery  
  139  14:14  Missile Turret  
  139  14:16  Marine  
  139  14:17  Marine x7  
  140  14:18  Marine  
  140  14:20  Siege Tank  
  157  14:34  Marine x2  
  157  14:35  Marine x6  
  165  14:52  Marine x5  
  167  14:53  Marine x4  
  167  14:59  Siege Tank  
  177  15:10  Marine x6  
  177  15:11  Marine x3  
  186  15:27  Marine  
  186  15:28  Marine x6  
  146  15:41  Marine x2  
  148  15:45  Marine  
  148  15:46  Marine  
  148  15:49  Marine x5  
  155  15:59  Marine x2  
  155  16:03  Marine x2  
  159  16:07  Marine x5  
  164  16:17  Marine x2  
  166  16:21  Marine x2  
  166  16:24  Marine  
  166  16:25  Marine x4  
  173  16:56  Fusion Core  
  173  16:57  Marine x6  
  173  16:58  Marine x3  
Tags
 
Add a new tag
Caveats
  • Supply blocks, unpowered buildings, or Contaminate may cause inaccurate times.
  • Supply counts are checked every 10 seconds.